[Event "Summer Prague Open-A 2022"]
[Site "Prague"]
[Date "2022.08.07"]
[Round "4.7"]
[White "Gloser, David"]
[Black "Lutsko, Artem"]
[Result "1/2-1/2"]
[ECO "B90"]
[WhiteElo "2221"]
[BlackElo "2392"]
[Annotator "TA"]
[PlyCount "113"]
[EventDate "2022.08.05"]
[EventType "swiss"]
[EventCountry "CZE"]
[SourceTitle "playchess.com"]
[Source "ChessBase"]
[SourceQuality "1"]
[TimeControl "40/5400+30:1800+30"]

1. e4 {[%emt 0:01:26] Hecht,H} c5 2. Nf3 d6 3. d4 cxd4 4. Nxd4 Nf6 5. Nc3 a6 6. Be3 e5 7. Nb3 Be6 8. f3 h5 9. Qd2 Nbd7 10. Nd5 $1 {[%emt 0:00:58] 10.Nd5 is better than 10.0-0-0. B90: Sicilian Najdorf: Unusual White 6th moves, 6 Be3 Ng4 and 6 Be3 e5.} Bxd5 11. exd5 g6 12. Be2 Bg7 13. O-O O-O 14. Na5 Qc7 15. c4 b6 16. Nc6 Nb8 17. Nxb8 Rfxb8 18. Rac1 {[%emt 0:05:45] [#]} Nd7 $146 ({Predecessor:} 18... Qd7 19. Bd3 Kh7 20. f4 e4 21. Be2 Qf5 22. h3 b5 23. b3 bxc4 24. bxc4 Rb7 {½-½ (62) Jenni,F (2518)-Hort,V (2543) Basel 2004 CBM 099 [Hecht,H]}) 19. Bd3 a5 20. Kh1 Nc5 21. Bb1 Re8 22. b3 Qd7 23. Rce1 Rec8 24. Bh6 Re8 25. Rg1 Qd8 (25... b5 $11) 26. Bg5 {[%emt 0:07:38] A strong pair of Bishops.} Bf6 27. Bh6 (27. Be3 $1 $14) 27... Rb8 ({Better is} 27... Bg7 $1 $11) 28. g4 $14 {[%emt 0:02:26][%cal Bg2g4,Bg4g5][%mdl 32] Hoping for gxh5.} h4 29. Be3 b5 30. g5 Bg7 31. Bxc5 dxc5 32. Bd3 $1 a4 33. Re4 h3 34. Qf2 (34. cxb5 $14 axb3 35. Bc4) 34... axb3 $11 35. axb3 Qd6 36. cxb5 Qxd5 37. Bc4 Qd6 ({Black should try} 37... Qd7 $14) 38. Qf1 $16 (38. Rh4 Red8 $14) 38... Qd7 39. Rh4 Red8 40. Qxh3 (40. Rxh3 $6 Rb6 $14) 40... Qe8 (40... Qb7 $16 {might work better.}) 41. Qg2 ({Don't take} 41. Rh7 $6 Rb6 $14) (41. f4 $18) 41... Rxb5 (41... Rd4 $16 42. Rxd4 exd4) 42. Bxb5 ({White should play} 42. f4 $1 $18) 42... Qxb5 {[%emt 0:00:02] [#]} 43. Qc2 $1 Rd3 44. Rc4 Rxf3 45. Rxc5 Qd7 (45... Qb6 $16 {was called for.}) 46. Rc8+ $18 Kh7 47. Rc4 (47. Qc7 $18 Qd2 48. Qd8 Qxd8 49. Rxd8) 47... Qb7 (47... Bf8 $14 {deserves consideration.}) 48. Qe4 $16 Qxb3 {[%emt 0:00:00] [#]} (48... Rxb3 $16 49. Qxb7 Rxb7) 49. Qh4+ $2 (49. Rb1 $1 $18 Qa3 50. Ra4) 49... Kg8 $14 50. Rc8+ Bf8 51. Rxf8+ Kxf8 {[%emt 0:00:00][%mdl 4096] Endgame KQR-KQR. The position is equal.} 52. Qh8+ Ke7 {[%emt 0:00:00] ( -> ...Qd5)} 53. Qxe5+ Qe6 54. Qc5+ Ke8 55. Ra1 Rd3 56. Ra8+ Rd8 57. Rxd8+ {[%emt 0:00:00] White really could win this.  Weighted Error Value: White=0.26 (precise) /Black=0.33} 1/2-1/2

[Event "Summer Prague Open-A 2022"]
[Site "Prague"]
[Date "2022.08.07"]
[Round "4.8"]
[White "Kambrath, Yannick"]
[Black "Teichmann, Erik"]
[Result "1-0"]
[ECO "A10"]
[WhiteElo "2401"]
[BlackElo "2169"]
[Annotator "TA"]
[PlyCount "63"]
[EventDate "2022.08.05"]
[EventType "swiss"]
[EventCountry "CZE"]
[SourceTitle "playchess.com"]
[Source "ChessBase"]
[SourceQuality "1"]
[TimeControl "40/5400+30:1800+30"]

1. c4 Nc6 2. Nc3 d6 3. d4 e5 4. Nf3 Bg4 5. d5 Nb8 6. e4 {[%emt 0:00:28] White is more active. A41: 1 d4 d6: Tartakower System and Modern Defence.} Nd7 7. Be2 Be7 {[%emt 0:02:03] [#]} 8. Ng1 $146 {[%emt 0:07:30][%cal Bf3g1,Bg1e2,Be2c1,Bc1d3][%mdl 32] White is slightly better.} ({Predecessor:} 8. O-O Bxf3 9. Bxf3 Bg5 10. b4 Bxc1 11. Rxc1 Ngf6 12. Na4 a5 13. a3 axb4 14. axb4 {0-1 (52) Nabaty,T (2563)-Kosashvili,Y (2520) Israel 2012}) 8... Bxe2 9. Ngxe2 a6 10. O-O Bg5 11. Rb1 Bxc1 12. Nxc1 Nh6 13. b4 O-O 14. Nd3 Qh4 15. g3 Qf6 16. c5 Qg6 17. c6 bxc6 18. dxc6 Nb6 19. a4 f5 20. f3 Rae8 (20... f4 $11) 21. Qe2 Nf7 {[%emt 0:12:45] [#]} (21... d5 $16) 22. a5 $1 $18 Nc8 23. Nd5 Ne7 {[%emt 0:02:04] aiming for ...Nxd5.} 24. Nxc7 Nxc6 (24... Rc8 {is a better defense.}) 25. exf5 ({Weaker is} 25. Nxe8 Nd4 26. Qa2 Rxe8 $16) 25... Qxf5 26. Nxe8 Rxe8 27. Qe4 Qxe4 28. fxe4 {[%emt 0:00:07] [#] Threatens to win with b5.} Ng5 (28... Nd4 $142 29. h4 Nd8) 29. b5 axb5 30. Rxb5 Nxe4 31. a6 Ra8 32. Rb6 {[%emt 0:01:30] Weighted Error Value: White=0.07 (flawless) /Black=0.31} 1-0

[Event "Summer Prague Open-A 2022"]
[Site "Prague"]
[Date "2022.08.07"]
[Round "4.9"]
[White "Aepfler, Christian"]
[Black "Weishaeutel, Moritz"]
[Result "0-1"]
[ECO "B22"]
[WhiteElo "2202"]
[BlackElo "2400"]
[Annotator "TA"]
[PlyCount "62"]
[EventDate "2022.08.05"]
[EventType "swiss"]
[EventCountry "CZE"]
[SourceTitle "playchess.com"]
[Source "ChessBase"]
[SourceQuality "1"]
[TimeControl "40/5400+30:1800+30"]

1. e4 {[%emt 0:00:03] Erenburg,S} c5 2. c3 d5 3. exd5 Qxd5 4. d4 g6 5. Nf3 Bg7 6. Be2 cxd4 7. cxd4 Nf6 8. O-O O-O 9. Ne5 {[%emt 0:09:12] [#] B06: Modern Defence.} Nfd7 $146 ({Predecessor:} 9... Nc6 10. Nc3 Qd6 11. Nb5 Qd8 12. Bf3 Bd7 13. Nc3 Qa5 14. Nxd7 Nxd7 15. Bxc6 bxc6 {½-½ (39) Mamedyarov,S (2646)-Kulaots,K (2530) Moscow 2004 CBM 100 [Erenburg,S]}) 10. Nc3 Qd6 11. Bf4 (11. Nb5 $14 Qb6 12. Be3) 11... Nxe5 $11 12. dxe5 Qxd1 13. Rfxd1 Nc6 14. Nd5 Be6 15. Nc7 Rac8 16. Nxe6 fxe6 17. Bg3 Nxe5 18. Rac1 {[%emt 0:01:12] Against Rc2} Rfd8 19. Rxd8+ Rxd8 20. Rc2 {[%emt 0:04:14] Prevents Rd2.} Nc6 21. Kf1 Kf7 22. a3 a5 23. b4 (23. Bc7 $15 Rd7 24. Bb6) 23... axb4 $17 24. axb4 Nxb4 25. Rc7 {[%emt 0:00:19] [#]} b6 $1 26. Rb7 Nd5 27. f4 (27. Bh4 {might work better.}) 27... Ra8 $19 {[%emt 0:07:28] And now ...Ra1+ would win. Black has a decisive advantage.} 28. Bf3 Bd4 29. Ke2 Bc5 30. Kd3 Ra4 31. f5 Rd4+ {[%emt 0:01:20] Weighted Error Value: White=0.28 (precise) /Black=0.06 (flawless)} 0-1

[Event "Summer Prague Open-A 2022"]
[Site "Prague"]
[Date "2022.08.07"]
[Round "4.10"]
[White "Prilleltensky, Matan"]
[Black "Neuman, Petr"]
[Result "1/2-1/2"]
[ECO "E24"]
[WhiteElo "2191"]
[BlackElo "2378"]
[Annotator "RC"]
[PlyCount "80"]
[EventDate "2022.08.05"]
[EventType "swiss"]
[EventCountry "CZE"]
[SourceTitle "playchess.com"]
[Source "ChessBase"]
[SourceQuality "1"]
[TimeControl "40/5400+30:1800+30"]

1. d4 Nf6 2. c4 e6 3. Nc3 Bb4 4. a3 Bxc3+ 5. bxc3 c5 6. f3 Nh5 7. Nh3 f5 8. e4 d6 9. Bd3 O-O 10. exf5 exf5 11. O-O Nc6 12. Bg5 Nf6 13. Nf4 h6 14. Bxf6 Qxf6 15. Nd5 Qf7 16. Re1 Be6 17. dxc5 dxc5 18. Qa4 Rac8 19. Rad1 b6 20. Qc2 Rcd8 21. Qa2 Na5 22. Re5 Nc6 23. Ree1 Rfe8 24. Qb1 Bc8 25. f4 h5 26. Qc2 Rxe1+ 27. Rxe1 Re8 28. Rxe8+ Qxe8 29. Kf2 Qe6 30. Qd1 g6 31. Qf3 Kg7 32. Qg3 Ne7 33. Ne3 Qf6 34. Be2 Kf7 35. Nd5 Qd6 36. Bf3 Be6 37. Nxe7 Qxe7 38. Be2 Qd6 39. Qe3 Kf6 40. h4 Bf7 1/2-1/2

[Event "Summer Prague Open-A 2022"]
[Site "Prague"]
[Date "2022.08.07"]
[Round "4.11"]
[White "Hollan, Martin"]
[Black "Ehrlich, Roy"]
[Result "1/2-1/2"]
[ECO "C15"]
[WhiteElo "2399"]
[BlackElo "2183"]
[Annotator "TA"]
[PlyCount "78"]
[EventDate "2022.08.05"]
[EventType "swiss"]
[EventCountry "CZE"]
[SourceTitle "playchess.com"]
[Source "ChessBase"]
[SourceQuality "1"]
[TimeControl "40/5400+30:1800+30"]

1. e4 e6 2. d4 d5 3. Nc3 Bb4 4. Nge2 Nc6 5. a3 Ba5 6. b4 Bb6 7. Bb2 {[%emt 0:00:07] C15: French: 3 Nc3 Bb4: Unusual White 4th moves.} Nge7 8. Qd3 (8. g3 $14) 8... e5 (8... O-O $11) 9. Nxd5 $16 {[%emt 0:01:54] White is better.} Nxd5 10. exd5 Nxd4 11. Nxd4 (11. Bxd4 $6 exd4 12. Nxd4 a5 13. Qe4+ Qe7 14. Qxe7+ Kxe7 $11) 11... exd4 12. Qe4+ (12. Bxd4 {with more complications.} Qe7+ 13. Be2 Bf5 14. Qxf5 Bxd4 15. O-O-O) 12... Qe7 13. Qxe7+ Kxe7 14. O-O-O {[%emt 0:00:09] [#]} a5 $146 ({Predecessor:} 14... Rd8 15. Bxd4 Bxd4 16. Rxd4 Be6 17. Bc4 c6 18. Rhd1 cxd5 19. Bxd5 Bxd5 20. Rxd5 Rxd5 21. Rxd5 {½-½ (33) Legky,N (2391)-Nguyen,C (2370) Paris 2014}) 15. b5 Bc5 16. a4 Kd6 17. Bxd4 Bxd4 18. Rxd4 Re8 19. Bd3 Bd7 20. Kd2 (20. Bxh7 g6 21. Rhd1 Re7 $15) 20... b6 21. Rf4 (21. Bxh7 $6 g6 $11) 21... Re7 22. h4 ({Reject} 22. Bxh7 $6 g6 $11) 22... h6 23. Be2 (23. Kc3 $16) 23... f6 24. Bf3 Rae8 25. Ra1 Bc8 26. Ra3 Re5 27. Rc3 Bb7 {[%emt 0:00:37] Against Rc6+} 28. Rfc4 R8e7 29. Rc6+ Bxc6 $11 30. Rxc6+ {[%emt 0:00:03][%mdl 4096] Endgame KRR-KRB} Kd7 31. d6 R7e6 ({But not} 31... cxd6 32. Rxb6 Rc5 33. Ra6 $16) 32. Rxc7+ Kxd6 33. Rxg7 Rc5 34. Kd3 Rc7 35. Rg6 f5 36. Rg8 Re1 37. Rg6+ Re6 38. Rg8 Re1 39. Rg6+ ({White should play} 39. Rb8 $14) 39... Re6 {Weighted Error Value: White=0.11 (very precise) /Black=0.10 (very precise)} 1/2-1/2

[Event "Summer Prague Open-A 2022"]
[Site "Prague"]
[Date "2022.08.07"]
[Round "4.12"]
[White "Svatos, Jan"]
[Black "Meissner, Felix"]
[Result "1-0"]
[ECO "B28"]
[WhiteElo "2185"]
[BlackElo "2381"]
[Annotator "RC"]
[PlyCount "71"]
[EventDate "2022.08.05"]
[EventType "swiss"]
[EventCountry "CZE"]
[SourceTitle "playchess.com"]
[Source "ChessBase"]
[SourceQuality "1"]
[TimeControl "40/5400+30:1800+30"]

1. e4 c5 2. Nf3 a6 3. d4 cxd4 4. Nxd4 Nf6 5. Nc3 e5 6. Nb3 Bb4 7. Bc4 Qc7 8. Qe2 b5 9. Bd3 Bxc3+ 10. bxc3 d6 11. O-O Be6 12. a4 bxa4 13. Rxa4 Qxc3 14. Bc4 Bg4 15. f3 Bd7 16. Bd2 Qb2 17. Raa1 d5 18. exd5 Qxc2 19. Qxe5+ Kf8 20. Qc7 Ne8 21. Qc5+ Kg8 22. Rfe1 h6 23. d6 Qg6 24. Bd5 Nc6 25. Bxc6 Rc8 26. Bxd7 Rxc5 27. Rxe8+ Kh7 28. Rxh8+ Kxh8 29. Nxc5 Qc2 30. Ne4 g6 31. Rc1 Qd3 32. Rc8+ Kh7 33. Nf6+ Kg7 34. Bc3 h5 35. Nxh5+ Kh6 36. Rh8+ 1-0

[Event "Summer Prague Open-A 2022"]
[Site "Prague"]
[Date "2022.08.07"]
[Round "4.13"]
[White "Roubalik, Jakub"]
[Black "Demeter, Dorina"]
[Result "1-0"]
[ECO "D43"]
[WhiteElo "2380"]
[BlackElo "2176"]
[Annotator "RC"]
[PlyCount "91"]
[EventDate "2022.08.05"]
[EventType "swiss"]
[EventCountry "CZE"]
[SourceTitle "playchess.com"]
[Source "ChessBase"]
[SourceQuality "1"]
[TimeControl "40/5400+30:1800+30"]

1. d4 d5 2. c4 c6 3. Nc3 Nf6 4. Nf3 e6 5. Bg5 h6 6. Bh4 Be7 7. e3 O-O 8. Qc2 b6 9. Be2 Ba6 10. b3 Nbd7 11. O-O dxc4 12. bxc4 Ne8 13. Bxe7 Qxe7 14. Rab1 e5 15. Qa4 Bb7 16. c5 exd4 17. exd4 Ndf6 18. Rfe1 Qd8 19. Qb3 b5 20. Rbd1 Nc7 21. Ne5 Ncd5 22. Bf3 Nxc3 23. Qxc3 Qc7 24. g3 Rad8 25. Qb3 Nd5 26. Be4 a5 27. Qf3 Bc8 28. h4 Be6 29. Bb1 g6 30. h5 Kg7 31. hxg6 fxg6 32. Qg2 Bf5 33. Bxf5 Rxf5 34. Rd2 a4 35. Rde2 Nc3 36. Re3 Nd5 37. Re4 Rdf8 38. R4e2 Nc3 39. Rd2 Nd5 40. Qe4 R8f6 41. Nxg6 Rg5 42. Ne5 Nf4 43. Re3 Qc8 44. Rf3 Nd5 45. Rxf6 Kxf6 46. Qh7 1-0

[Event "Summer Prague Open-A 2022"]
[Site "Prague"]
[Date "2022.08.07"]
[Round "4.14"]
[White "Sarkar, Justin"]
[Black "Seitz, Patrick"]
[Result "1-0"]
[ECO "A61"]
[WhiteElo "2346"]
[BlackElo "2170"]
[Annotator "RC"]
[PlyCount "53"]
[EventDate "2022.08.05"]
[EventType "swiss"]
[EventCountry "CZE"]
[SourceTitle "playchess.com"]
[Source "ChessBase"]
[SourceQuality "1"]
[TimeControl "40/5400+30:1800+30"]

1. d4 Nf6 2. c4 c5 3. d5 e6 4. Nc3 exd5 5. cxd5 d6 6. Nf3 g6 7. Nd2 Bg7 8. e4 O-O 9. Be2 b6 10. O-O Qe7 11. Re1 Nfd7 12. Bf1 Ba6 13. Bxa6 Nxa6 14. Nc4 Ne5 15. Nxe5 Bxe5 16. f4 Bg7 17. e5 Rad8 18. Nb5 dxe5 19. fxe5 Bxe5 20. Bf4 f6 21. d6 Qe6 22. a3 Nb8 23. Nc7 Qxd6 24. Qb3+ Rf7 25. Bxe5 fxe5 26. Ne6 Qd5 27. Rad1 1-0

[Event "Summer Prague Open-A 2022"]
[Site "Prague"]
[Date "2022.08.07"]
[Round "4.15"]
[White "Laverton, Christian"]
[Black "Ranaldi, Lucas"]
[Result "0-1"]
[ECO "E32"]
[WhiteElo "2149"]
[BlackElo "2339"]
[Annotator "RC"]
[PlyCount "54"]
[EventDate "2022.08.05"]
[EventType "swiss"]
[EventCountry "CZE"]
[SourceTitle "playchess.com"]
[Source "ChessBase"]
[SourceQuality "1"]
[TimeControl "40/5400+30:1800+30"]

1. d4 Nf6 2. c4 e6 3. Nc3 Bb4 4. Qc2 b6 5. a3 Bxc3+ 6. Qxc3 Bb7 7. Nf3 Ne4 8. Qc2 f5 9. b4 a5 10. Bb2 axb4 11. axb4 Rxa1+ 12. Bxa1 O-O 13. g3 Nc6 14. Qb2 Qe7 15. c5 Ra8 16. Bg2 Nxb4 17. O-O Nd5 18. Rc1 d6 19. cxb6 Nxb6 20. Nd2 Bd5 21. Nxe4 fxe4 22. Qb1 e3 23. fxe3 Bxg2 24. Kxg2 d5 25. e4 Nc4 26. Bc3 Qg5 27. Bb4 Qe3 0-1

[Event "Summer Prague Open-A 2022"]
[Site "Prague"]
[Date "2022.08.07"]
[Round "4.16"]
[White "Soural, Jan"]
[Black "Sorm, Daniel"]
[Result "1/2-1/2"]
[ECO "A20"]
[WhiteElo "2119"]
[BlackElo "2308"]
[Annotator "RC"]
[PlyCount "89"]
[EventDate "2022.08.05"]
[EventType "swiss"]
[EventCountry "CZE"]
[SourceTitle "playchess.com"]
[Source "ChessBase"]
[SourceQuality "1"]
[TimeControl "40/5400+30:1800+30"]

1. c4 e5 2. Nf3 Nc6 3. d4 exd4 4. Nxd4 Nf6 5. Nxc6 bxc6 6. g3 Bc5 7. Bg2 O-O 8. O-O d5 9. Nc3 Be6 10. Qa4 Bb6 11. Bg5 h6 12. Bxf6 Qxf6 13. Qxc6 dxc4 14. Bd5 Bd4 15. Qxc4 Bxc3 16. bxc3 Bxd5 17. Qxd5 Qxc3 18. Rac1 Qb2 19. Rxc7 Rad8 20. Qb3 Qxb3 21. axb3 Rb8 22. Ra1 Rxb3 23. Raxa7 Rb2 24. e3 g5 25. g4 Rb4 26. h3 Rb6 27. Kg2 Rf6 28. Ra5 Re8 29. Rcc5 Kg7 30. Rf5 Rfe6 31. Kg3 R8e7 32. Ra8 Re8 33. Raa5 R8e7 34. h4 gxh4+ 35. Kxh4 Rf6 36. Rxf6 Kxf6 37. Ra6+ Kg7 38. Kg3 Re5 39. Kf4 f6 40. e4 h5 41. gxh5 Rxh5 42. f3 Rb5 43. Rd6 Kg6 44. Rd5 Rb3 45. Rc5 1/2-1/2

[Event "Summer Prague Open-A 2022"]
[Site "Prague"]
[Date "2022.08.07"]
[Round "4.17"]
[White "Hajiyev, Kanan"]
[Black "Brejnik, Gustav"]
[Result "0-1"]
[ECO "D10"]
[WhiteElo "2142"]
[BlackElo "2292"]
[Annotator "RC"]
[PlyCount "106"]
[EventDate "2022.08.05"]
[EventType "swiss"]
[EventCountry "CZE"]
[SourceTitle "playchess.com"]
[Source "ChessBase"]
[SourceQuality "1"]
[TimeControl "40/5400+30:1800+30"]

1. d4 d5 2. c4 c6 3. cxd5 cxd5 4. Nc3 Nf6 5. Nf3 Nc6 6. Bg5 Ne4 7. Bf4 Qa5 8. Qb3 e6 9. e3 Bb4 10. Rc1 O-O 11. Bd3 Nxc3 12. bxc3 Ba3 13. Rb1 h6 14. O-O b6 15. c4 dxc4 16. Qxc4 Nb4 17. Be4 Ba6 18. Qb3 Nd5 19. Bd3 Bxd3 20. Qxd3 Nxf4 21. exf4 Bd6 22. Rb2 Bxf4 23. g3 Bd6 24. Rc2 Rac8 25. Rfc1 Rxc2 26. Qxc2 Qd5 27. Qc6 Qxc6 28. Rxc6 Rd8 29. Kf1 Kf8 30. Ke2 Ke7 31. Kd3 Kd7 32. Rc2 Rc8 33. Rb2 Rc1 34. Kd2 Rc4 35. Kd3 Ra4 36. Nd2 Ra3+ 37. Ke2 Rc3 38. Ne4 Rc1 39. Kd2 Rh1 40. h4 f5 41. Nxd6 Kxd6 42. Rc2 Ra1 43. Kc3 Kd5 44. Re2 Rc1+ 45. Kd2 Rc4 46. Re5+ Kxd4 47. Rxe6 Ra4 48. Rg6 Rxa2+ 49. Kc1 Rxf2 50. Rxg7 a5 51. Rg6 b5 52. Rxh6 a4 53. h5 a3 0-1

[Event "Summer Prague Open-A 2022"]
[Site "Prague"]
[Date "2022.08.07"]
[Round "4.18"]
[White "Santagati, Alessandro"]
[Black "Gorkiewicz, Mateusz"]
[Result "1-0"]
[ECO "A45"]
[WhiteElo "2299"]
[BlackElo "2023"]
[Annotator "RC"]
[PlyCount "61"]
[EventDate "2022.08.05"]
[EventType "swiss"]
[EventCountry "CZE"]
[SourceTitle "playchess.com"]
[Source "ChessBase"]
[SourceQuality "1"]
[TimeControl "40/5400+30:1800+30"]

1. d4 Nf6 2. Bf4 e6 3. e3 d5 4. Nf3 c5 5. c3 Nc6 6. Nbd2 Bd6 7. Bg3 O-O 8. Bd3 b6 9. e4 Be7 10. e5 Nh5 11. h4 g6 12. Bh2 f5 13. exf6 Bxf6 14. g4 Ng7 15. h5 gxh5 16. Qc2 hxg4 17. Bxh7+ Kf7 18. Qg6+ Ke7 19. Ne5 Bxe5 20. dxe5 Nf5 21. Bf4 Kd7 22. Qxg4 Nce7 23. O-O-O Rf7 24. Ne4 Kc7 25. Nd6 Rf8 26. Bxf5 Nxf5 27. Rh7+ Bd7 28. Nxf5 exf5 29. Qg6 Kc8 30. Rxd5 Rg8 31. Rhxd7 1-0

[Event "Summer Prague Open-A 2022"]
[Site "Prague"]
[Date "2022.08.07"]
[Round "4.19"]
[White "Sidletskyi, Ivan"]
[Black "Kvaloy, Aksel Bu"]
[Result "0-1"]
[ECO "C55"]
[WhiteElo "2075"]
[BlackElo "2289"]
[Annotator "RC"]
[PlyCount "52"]
[EventDate "2022.08.05"]
[EventType "swiss"]
[EventCountry "CZE"]
[SourceTitle "playchess.com"]
[Source "ChessBase"]
[SourceQuality "1"]
[TimeControl "40/5400+30:1800+30"]

1. e4 e5 2. Nf3 Nc6 3. Bc4 Nf6 4. d4 exd4 5. e5 d5 6. Bb5 Ne4 7. Nxd4 Bd7 8. Bxc6 bxc6 9. O-O Bc5 10. f3 Ng5 11. Be3 O-O 12. f4 f6 13. exf6 Nh3+ 14. Kh1 Qxf6 15. c3 Rae8 16. Qd2 Qe5 17. Re1 Nxf4 18. Na3 Bd6 19. Bg1 Qh5 20. Nac2 c5 21. Nb3 Bh3 22. Rxe8 Bxg2+ 23. Qxg2 Nxg2 24. Rxf8+ Bxf8 25. Rf1 Qg6 26. Rf2 Nh4 0-1

[Event "Summer Prague Open-A 2022"]
[Site "Prague"]
[Date "2022.08.07"]
[Round "4.20"]
[White "Carnot, Luca"]
[Black "Slampa, Jan"]
[Result "0-1"]
[ECO "A04"]
[WhiteElo "2035"]
[BlackElo "2254"]
[Annotator "RC"]
[PlyCount "129"]
[EventDate "2022.08.05"]
[EventType "swiss"]
[EventCountry "CZE"]
[SourceTitle "playchess.com"]
[Source "ChessBase"]
[SourceQuality "1"]
[TimeControl "40/5400+30:1800+30"]

1. Nf3 c5 2. g3 Nc6 3. Bg2 Nf6 4. O-O e5 5. d3 d5 6. c4 d4 7. e3 Be7 8. exd4 exd4 9. Bf4 O-O 10. Ne5 Nxe5 11. Bxe5 Ng4 12. Bf4 g5 13. Bc1 Qb6 14. Re1 Qf6 15. Qe2 Bd6 16. Nd2 Qg6 17. Ne4 Be7 18. Qd2 h6 19. h3 Ne5 20. Nxc5 Bd6 21. Qd1 Bf5 22. g4 Bxd3 23. Rxe5 Bc2 24. Qe1 Bxe5 25. Qxe5 Rfe8 26. Qxd4 Rad8 27. Nd7 Re1+ 28. Kh2 Rd1 29. Bd2 Rxd7 30. Qxd7 Rxa1 31. Qd8+ Kh7 32. Bc3 Qg8 33. Qd2 Qb8+ 34. f4 Qxf4+ 35. Qxf4 gxf4 36. Bxb7 Rxa2 37. Kg2 Ra4 38. Kf3 Rxc4 39. Bd5 Rc7 40. Kxf4 a5 41. Ke5 a4 42. Bb4 Kg6 43. Kd6 Ra7 44. Bc5 Ra6+ 45. Ke5 f6+ 46. Kd4 Kg5 47. Kc3 Bd1 48. Be3+ Kh4 49. Bxh6 Kxh3 50. g5 f5 51. Bf7 Kh4 52. Kd4 Bh5 53. Bd5 Bg6 54. Bc4 Rb6 55. Kc3 f4 56. Be2 f3 57. Bf1 Rd6 58. Bb5 f2 59. Bf8 Rd1 60. Kb4 f1=Q 61. Bxf1 Rxf1 62. Be7 Rf4+ 63. Kc3 Kg4 64. b3 Rf3+ 65. Kd4 0-1

[Event "Summer Prague Open-A 2022"]
[Site "Prague"]
[Date "2022.08.07"]
[Round "4.21"]
[White "Nemeth, Zalan"]
[Black "Fiskaaen, Martin Holten"]
[Result "0-1"]
[ECO "B62"]
[WhiteElo "2194"]
[BlackElo "1930"]
[Annotator "RC"]
[PlyCount "78"]
[EventDate "2022.08.05"]
[EventType "swiss"]
[EventCountry "CZE"]
[SourceTitle "playchess.com"]
[Source "ChessBase"]
[SourceQuality "1"]
[TimeControl "40/5400+30:1800+30"]

1. e4 c5 2. Nf3 d6 3. d4 cxd4 4. Nxd4 Nf6 5. Nc3 Nc6 6. Bg5 e6 7. Qd3 Be7 8. O-O-O O-O 9. Ndb5 Qb6 10. Be3 Qa5 11. f4 Rd8 12. a3 Rd7 13. Be2 a6 14. Nd4 Nxd4 15. Bxd4 b5 16. Bf3 e5 17. Be3 b4 18. axb4 Qxb4 19. fxe5 dxe5 20. Nd5 Rxd5 21. exd5 e4 22. Bxe4 Nxe4 23. Rhf1 Rb8 24. Qd4 Bc5 25. Qxb4 Bxe3+ 26. Qd2 Nxd2 27. Rxd2 Bxd2+ 28. Kxd2 Rxb2 29. Kc3 Rb8 30. Kd4 Kf8 31. Re1 Bd7 32. c4 a5 33. Kc5 a4 34. Kd6 Bf5 35. c5 a3 36. Ra1 Be4 37. Rxa3 Rd8+ 38. Ke5 Bxd5 39. Rd3 f6+ 0-1

[Event "Summer Prague Open-A 2022"]
[Site "Prague"]
[Date "2022.08.07"]
[Round "4.22"]
[White "Polster, Christian"]
[Black "Philipp, Mathias"]
[Result "1/2-1/2"]
[ECO "A94"]
[WhiteElo "2236"]
[BlackElo "2092"]
[Annotator "RC"]
[PlyCount "74"]
[EventDate "2022.08.05"]
[EventType "swiss"]
[EventCountry "CZE"]
[SourceTitle "playchess.com"]
[Source "ChessBase"]
[SourceQuality "1"]
[TimeControl "40/5400+30:1800+30"]

1. d4 f5 2. g3 Nf6 3. Bg2 e6 4. Nf3 d5 5. O-O Be7 6. c4 c6 7. b3 O-O 8. Ba3 Nbd7 9. Bxe7 Qxe7 10. Nc3 b6 11. Rc1 Bb7 12. cxd5 exd5 13. Ne1 Rae8 14. Nd3 Ne4 15. e3 a5 16. Na4 Rf6 17. Re1 Kh8 18. f3 Nd6 19. Ne5 Nxe5 20. dxe5 Qxe5 21. Nxb6 Qe7 22. Qd2 Re6 23. Kf2 Nb5 24. Na4 Rh6 25. Nc5 Rxh2 26. a4 Nd6 27. Qxa5 Bc8 28. Nd3 Rh6 29. Qb4 Rf6 30. Qd4 Kg8 31. Kg1 Bd7 32. Nc5 Qf7 33. b4 f4 34. exf4 Nf5 35. Qf2 d4 36. Ne4 Rg6 37. Ng5 Qb3 1/2-1/2

[Event "Summer Prague Open-A 2022"]
[Site "Prague"]
[Date "2022.08.07"]
[Round "4.23"]
[White "Lhotska, Anna"]
[Black "Pap, Gyula"]
[Result "1/2-1/2"]
[ECO "B13"]
[WhiteElo "2113"]
[BlackElo "2481"]
[Annotator "TA"]
[PlyCount "30"]
[EventDate "2022.08.05"]
[EventType "swiss"]
[EventCountry "CZE"]
[SourceTitle "playchess.com"]
[Source "ChessBase"]
[SourceQuality "1"]
[TimeControl "40/5400+30:1800+30"]

1. e4 c6 2. d4 d5 3. exd5 cxd5 4. Bd3 Nc6 5. c3 Nf6 6. h3 g6 7. Nf3 Bf5 8. O-O {[%emt 0:01:26] 8.Be2 is the hot move.} Bg7 9. Re1 O-O 10. Bf4 {[%emt 0:02:16] B13: Caro-Kann: Exchange Variation and Panov-Botvinnik Attack.} Qb6 11. Re2 {[%emt 0:07:57] [#]} (11. Bxf5 $14 gxf5 12. Qb3) 11... Ne4 $146 (11... Be4 $11 {deserves consideration.}) ({Predecessor:} 11... Rac8 12. Bxf5 gxf5 13. Qb3 Qa6 14. Re1 e6 15. Ne5 Nh5 16. Nxc6 Rxc6 17. Bg5 Kh8 {0-1 (41) Tong,K (2049)-Walter,T (2177) Fuerth 2016}) 12. Nh4 Bd7 13. Nd2 {[%emt 0:11:03] White is slightly better.} f5 14. Nhf3 {[%emt 0:05:22] Prevents g5.} e6 15. Nb3 Rae8 {[%emt 0:02:19] Weighted Error Value: White=0.19 (very precise) /Black=0.21 (precise)} 1/2-1/2